 Dungeon Crawl Stone Soup version 0.26-a0-642-g67e99244d3 (webtiles) character file.

Game seed: 1107820746024988943

847 Descartes the Conjurer (level 7, 0/36 HPs)
             Began as a Deep Elf Hedge Wizard on Sept 23, 2020.
             Succumbed to a worker ant's poison
             ... on level 5 of the Dungeon.
             The game lasted 00:09:14 (4740 turns).

Descartes the Conjurer (Deep Elf Hedge Wizard)      Turns: 4740, Time: 00:09:14

Health: 0/36       AC:  3    Str:  7    XL:     7   Next: 68%
Magic:  6/16       EV: 12    Int: 21    God:
Gold:   256        SH:  0    Dex: 14    Spells: 5/16 levels left

rFire    . . .     SeeInvis .   j - +1 short sword (venom)
rCold    . . .     Faith    .   (no shield)
rNeg     + . .     Spirit   .   h - +0 leather armour
rPois    .         Reflect  .   c - +0 hat
rElec    .         Harm     .   (no cloak)
rCorr    .         Rampage  .   (no gloves)
MR       .....                  (no boots)
Stlth    +++.......             (no amulet)
HPRegen  0.12/turn              s - ring of positive energy
MPRegen  0.15/turn              (no ring)

@: lethally poisoned (0 -> -12)
A: no striking features
a: no special abilities


You were on level 5 of the Dungeon.
You visited 1 branch of the dungeon, and saw 5 of its levels.

You collected 256 gold pieces.

Inventory:

Hand Weapons
 a - a +0 dagger
 g - a +0 dagger of draining
 j - a +1 short sword of venom (weapon)
Missiles
 d - 196 stones
 l - 18 arrows
 t - 7 atropa-tipped darts
 u - 9 boomerangs
 v - 19 poisoned darts (quivered)
Armour
 b - a +0 robe
 c - a +0 hat (worn)
 h - a +0 leather armour (worn)
 r - a +0 tower shield
Jewellery
 i - an uncursed amulet of magic regeneration
 s - a ring of positive energy (left hand)
 B - an uncursed amulet of regeneration
 C - an uncursed ring of positive energy
Wands
 y - a wand of flame (23)
Scrolls
 e - 3 scrolls of amnesia
 f - 2 scrolls of magic mapping {unknown}
 m - a scroll of fog {unknown}
 n - 3 scrolls of identify {unknown}
 o - a scroll of immolation {unknown}
 p - 2 scrolls of teleportation {unknown}
 q - a scroll of enchant armour {unknown}
 w - a scroll of fear {unknown}
Potions
 x - a potion of brilliance {unknown}
 z - 3 potions of resistance
 A - a potion of magic {unknown}
 D - a potion of haste


   Skills:
 - Level 2.4 Dodging
 - Level 5.0 Stealth
 + Level 3.2 Shields
 - Level 5.0 Spellcasting
 + Level 5.7 Conjurations
   Level 1.1 Summonings
 + Level 4.4 Translocations


You had 5 spell levels left.
You knew the following spells:

 Your Spells              Type           Power        Failure   Level
a - Magic Dart            Conj           ####         1%          1
b - Blink                 Tloc           N/A          4%          2
c - Conjure Flame         Conj/Fire      ###.....     16%         3
d - Mephitic Cloud        Conj/Pois/Air  ##......     22%         3
e - Poisonous Vapours     Pois/Air       #.....       24%         2

Your spell library contained the following spells:

 Spells                   Type           Power        Failure   Level
 Sting                    Tmut/Pois      #...         16%         1
 Call Imp                 Summ           #.......     16%         2
 Slow                     Hex            #.......     24%         2
 Statue Form              Tmut/Erth      #........    100%        6
 Shatter                  Erth           #.........   100%        9


Dungeon Overview and Level Annotations

Branches:
Dungeon (5/15)
 Temple: D:4-7

Altars:


Message History

Press: ? - help, Shift-Dir - straight line, f/p - worker ant
Aim: a worker ant (lightly wounded)
The magic dart hits the worker ant.
The worker ant is moderately wounded.
You feel sick. The worker ant bites you.
You are more poisoned.
The worker ant poisons you! The worker ant bites you!
* * * LOW HITPOINT WARNING * * *
Casting: Magic Dart (safe; 1% risk of failure)
Confirm with . or Enter, or press ? or * to list all spells.
Aiming: Magic Dart (safe; 1% risk of failure)
Press: ? - help, Shift-Dir - straight line, f/p - worker ant
Aim: a worker ant (moderately wounded)
The magic dart hits the worker ant!
The worker ant is almost dead.
* * * LOW HITPOINT WARNING * * *
You feel sick. The worker ant bites you!
* * * LOW HITPOINT WARNING * * *
The worker ant barely misses you. The worker ant misses you.
You die...

.. ##........# ..#
#.........# ..# ##.........#
... ..##..........## ...
#.............# #........
#............# .........
#aa.........# .........
##..##......# ........
#@###......# ......# #.#
#......# ......# #.#
#......# ......#
##.###......# ......#
####..##.......#
......######.....##.......#
..........##.##..##.......#
.......ยง..................#
...".####'#######'#####...#


You could see 2 worker ants.

Vanquished Creatures
  Purgy (D:3)
  2 phantoms
  A scorpion (D:5)
  2 howler monkeys
  A jelly (D:5)
  2 hounds (D:5)
  2 bullfrog skeletons
  An iguana (D:5)
  Natasha (thrice) (D:2)
  2 worker ants
  3 adders
  A shadow imp (D:5)
  A white imp (D:5)
  2 oozes (D:5)
  An adder skeleton (D:5)
  3 worms
  3 dart slugs
  3 leopard geckos
  7 orcs
  5 bats
  3 giant cockroaches
  4 hobgoblins (D:1)
  11 jackals
  A quokka (D:5)
  2 ball pythons
  8 goblins
  10 kobolds
  A quokka skeleton (D:5)
  9 rats
95 creatures vanquished.

Notes
Turn   | Place    | Note
-------+----------+-------------------------------------------
     0 | D:1      | Descartes the Deep Elf Hedge Wizard began the quest for the
                  | Orb.
     0 | D:1      | Reached XP level 1. HP: 10/10 MP: 7/7
   309 | D:1      | Reached XP level 2. HP: 15/15 MP: 3/9
   905 | D:2      | Reached skill level 5 in Spellcasting
   905 | D:2      | Reached XP level 3. HP: 19/19 MP: 0/11
   966 | D:2      | Noticed Natasha
   985 | D:2      | Killed Natasha
  1234 | D:2      | Noticed Natasha
  1242 | D:2      | Killed Natasha
  1242 | D:2      | Reached XP level 4. HP: 21/24 MP: 3/13
  1247 | D:2      | Noticed Natasha
  1253 | D:2      | Killed Natasha
  1868 | D:3      | Learned a level 2 spell: Blink
  1872 | D:3      | Learned a level 3 spell: Conjure Flame
  1876 | D:3      | Learned a level 3 spell: Mephitic Cloud
  1953 | D:3      | Reached XP level 5. HP: 28/28 MP: 10/14
  1974 | D:3      | HP: 1/28 [orc/cursed -3 mace (2)]
  2302 | D:3      | Noticed a phantom
  2322 | D:3      | Killed a phantom
  2322 | D:3      | Reached skill level 5 in Stealth
  2322 | D:3      | Reached skill level 1 in Shields
  2835 | D:3      | Noticed Purgy
  2854 | D:3      | HP: 1/28 [Purgy (1)]
  2863 | D:3      | Killed Purgy
  2863 | D:3      | Reached XP level 6. HP: 2/32 MP: 15/15
  3738 | D:4      | Identified the Papyrus of Ashen Venom
  3743 | D:4      | Learned a level 2 spell: Poisonous Vapours
  3926 | D:5      | Entered Level 5 of the Dungeon
  3937 | D:5      | Reached skill level 5 in Conjurations
  3937 | D:5      | Reached XP level 7. HP: 33/36 MP: 7/16
  4739 | D:5      | HP: 1/36 [worker ant (7)]
  4740 | D:5      | Succumbed to a worker ant's poison

Illustrated notes

Levels and vault maps discovered:
D:1:      dpeg_arrival_orchard, layout_rooms, minmay_misc_feat_x,
          minmay_misc_feat_tiny
D:2:      layout_rooms, minmay_fractal_squares_gapless_5, uniq_natasha
D:3:      layout_basic, uniq_purgy
D:4:      layout_gridville, minmay_misc_feat_room
D:5:      layout_cave_pods, lemuel_crystal_altar, minmay_quadrilaterals

Skill      XL: |  1  2  3  4  5  6  7 |
---------------+----------------------+-----
Stealth        | 3 4 5 |  5.0
Conjurations   | 2 3 4 5 |  5.7
Spellcasting   | 5 |  5.0
Shields        | 1 2 3 |  3.2
Translocations | 2 3 4 |  4.4
Dodging        | |  2.4
Summonings     | |  1.1

Action                   |  1- 3 |  4- 6 |  7- 9 || total
-------------------------+-------+-------+-------++-------
Melee: Short sword       |     1 |    13 |     5 ||    19
 Cast: Magic Dart        |    91 |   164 |    81 ||   336
       Blink             |       |     2 |       ||     2
  Use: Scroll            |       |     3 |       ||     3
       Potion            |       |     3 |       ||     3
Armor: Leather armour    |     8 |    10 |     3 ||    21
Dodge: Dodged            |    15 |    49 |    12 ||    76

Table legend: (Time is in decaauts)
 A = Elapsed time spent in this place.
 B = Non-inter-level travel time spent in this place.
 C = Inter-level travel time spent in this place.
 D = Time resting spent in this place.
 E = Time spent auto-exploring this place.
 F = Levels seen in this place.
 G = Mean time per level.
                   A        B        C        D        E       F      G
               +--------+--------+--------+--------+--------+-----+--------+
         Total |   4724 |   4645 |     79 |    240 |   3733 |   5 |  944.8 |
       Dungeon |   4724 |   4645 |     79 |    240 |   3733 |   5 |  944.8 |
               +--------+--------+--------+--------+--------+-----+--------+

Top non-repeatable levels by time:
     D:3: 1357 daAuts
     D:2: 1087 daAuts
     D:1: 884 daAuts
     D:4: 714 daAuts
     D:5: 681 daAuts
